 Dungeon Crawl Stone Soup version 0.25-a0-1113-g0499d652a8 (webtiles) character file.

Game seed: 3356176535803031548, levelgen mode: deterministic

188692 Flugslaktarn the Severer (level 17, 0/238 HPs)
             Began as a Deep Dwarf Fighter on May 16, 2020.
             Was a High Priest of Makhleb.
             Splashed by an acid blob's acid (2 damage)
             ... created by the Royal Jelly
             ... on level 5 of the Pits of Slime.
             The game lasted 00:13:41 (14267 turns).

Flugslaktarn the Severer (Deep Dwarf Fighter)      Turns: 14267, Time: 00:13:42

Health: 0/238      AC:  8    Str: 25      XL:     17   Next: 18%
Magic:  2/2 (8)    EV: 17    Int:  8 (9)  God:    Makhleb [*****.]
Gold:   711        SH: 15    Dex: 22      Spells: 16/16 levels left

rFire    . . .     SeeInvis .   g - +8 war axe of the Doomed Warrior {antimagic, Int-2 Dex+10}
rCold    . . .     Gourm    .   c - +0 kite shield
rNeg     + . .     Faith    .   I - +3 chain mail "Yrunten" {MR+}
rPois    +         Spirit   .   i - +2 hat
rElec    .         Reflect  .   (no cloak)
rCorr    +         Harm     .   y - +2 pair of gloves
MR       +++..                  F - +1 pair of boots of Laphimn {rPois rCorr}
Stlth    ..........             (no amulet)
HPRegen  0.00/turn              j - +4 ring of slaying
MPRegen  0.08/turn              p - +4 ring of protection

@: berserking, corroded, very slightly contaminated, non-regenerating, hasted
(expiring), very quick
A: damage resistance, heal wounds, blurry vision 1, deterioration 1, low mp 1,
negative energy resistance 1, sense surroundings 2, no regeneration
}: 2/15 runes: serpentine, barnacled
a: Heal Wounds, Minor Destruction, Lesser Servant of Makhleb, Major Destruction,
Greater Servant of Makhleb, Renounce Religion


You were on level 5 of the Pits of Slime.
You worshipped Makhleb.
Makhleb was extremely pleased with you.
You were not hungry.

You visited 6 branches of the dungeon, and saw 35 of its levels.
You also visited: Bailey.

You collected 1342 gold pieces.
You spent 631 gold pieces at shops.

Inventory:

Hand Weapons
 g - the +8 war axe of the Doomed Warrior (weapon) {antimagic, Int-2 Dex+10}
   (You found it on level 9 of the Dungeon)

   It reduces the magical energy of the wielder, and disrupts the spells and
   magical abilities of those hit.
   Natural abilities and divine invocations are not affected.
   It affects your intelligence (-2).
   It affects your dexterity (+10).
 M - a +1 broad axe of freezing
   (You found it on level 10 of the Dungeon)
Armour
 c - a +0 kite shield (worn)
 i - a +2 hat (worn)
   (You found it on level 4 of the Dungeon)
 k - a +0 plate armour
   (You took it off an orc warrior on level 8 of the Dungeon)
 y - a +2 pair of gloves (worn)
   (You found it on level 9 of the Dungeon)
 F - the +1 pair of boots of Laphimn (worn) {rPois rCorr}
   (You found it on level 5 of the Dungeon)

   It protects you from poison.
   It provides partial protection from all sources of acid and corrosion.
 I - the +3 chain mail "Yrunten" (worn) {MR+}
   (You found it on level 4 of the Shoals)

   It affects your resistance to hostile enchantments.
 J - the +1 chain mail of the Lost Path {-Tele Str+3 Dex+6}
   (You found it on level 1 of the Lair of Beasts)

   It affects your strength (+3).
   It affects your dexterity (+6).
   It prevents most forms of teleportation.
 S - a +0 tower shield
   (You found it on level 2 of the Dungeon)
Jewellery
 f - an uncursed ring of protection from fire
   (You found it on level 9 of the Dungeon)
 j - a +4 ring of slaying (left hand)
   (You found it on level 6 of the Lair of Beasts)
 p - a +4 ring of protection (right hand)
   (You found it on level 5 of the Dungeon)
Wands
 a - a wand of acid (8)
   (You found it on level 4 of the Lair of Beasts)
 b - a wand of paralysis (7)
   (You found it on level 14 of the Dungeon)
 v - a wand of digging (9)
   (You found it on level 4 of the Dungeon)
 A - a wand of clouds (2)
   (You found it on level 2 of the Lair of Beasts)
 D - a wand of iceblast (10)
   (You found it on level 6 of the Dungeon)
 O - a wand of enslavement (12)
   (You found it on level 4 of the Lair of Beasts)
Scrolls
 l - 2 scrolls of fog
 o - a scroll of enchant weapon
 r - 3 scrolls of identify
 t - 10 scrolls of teleportation
 x - 3 scrolls of remove curse
 B - 6 scrolls of magic mapping
 L - 2 scrolls of brand weapon
 Q - 3 scrolls of enchant armour
Potions
 d - a potion of might
 h - 4 potions of haste
 m - 3 potions of cancellation
 n - 2 potions of resistance
 q - 10 potions of curing
 s - 2 potions of lignification
 u - 2 potions of ambrosia
 w - 4 potions of heal wounds
 C - 4 potions of brilliance
 E - 3 potions of flight
 G - 4 potions of mutation
 H - 3 potions of magic
 P - 2 potions of berserk rage
Comestibles
 e - 35 rations


   Skills:
 + Level 11.7 Fighting
 - Level 18.0 Axes
 + Level 13.6 Armour
 + Level 10.5 Dodging
 + Level 13.7 Shields
 - Level 15.0 Invocations


You had 16 spell levels left.
You didn't know any spells.
Your spell library was empty.

Dungeon Overview and Level Annotations

Branches:
Dungeon (15/15)            Temple (1/1) D:4            Lair (6/6) D:10
 Shoals (4/4) Lair:2        Snake (4/4) Lair:4        Slime (5/5) Lair:6
    Orc (0/2) D:10         Depths (0/5) D:15         Bailey (visited)
 Vaults: D:13-14

Altars:
Ashenzari
Cheibriados
Dithmenos
Elyvilon
Fedhas
Hepliaklqana
Kikubaaqudgha
Makhleb
Nemelex Xobeh
Okawaru
Qazlal
Ru
Sif Muna
Trog
Uskayaw
Vehumet
Wu Jian
Xom
Yredelemnul
Zin
The Shining One

Shops:
D:8 %   Shoals:1 !   Shoals:4 (**%

Annotations:
D:7 1 runed translucent door, Crazy Yiuf
Lair:3 3 runed translucent doors, Zanta616's ghost, journeyman TrHu
Slime:5 Royal Jelly


Innate Abilities, Weirdness & Mutations

You are resistant to damage.
You can heal yourself by infusing magical energy.
You resist negative energy. (rN+)
You passively map the area around you.
You do not regenerate.
Scrolls take you a little longer to read.
Your body sometimes deteriorates upon taking damage.
Your magical capacity is low. (-10% MP)


Message History

You are splashed with acid.
You resist.
* * * LOW HITPOINT WARNING * * *
You block the acid blob's attack.
The death ooze is engulfed in blazing flames.
The death ooze hits you!
* * * LOW HITPOINT WARNING * * *
You block the death ooze's attack. x2; The death ooze hits you!
* * * LOW HITPOINT WARNING * * *
Unknown command.
You slice the acid blob!!
Your hands burn!
The acid blob is severely wounded.
You slash the acid blob!
Your hands burn!
You hit the acid blob but do no damage.
Your hands burn!
* * * LOW HITPOINT WARNING * * *
You slice the death ooze!! You hit the death ooze.
The acid blob spits acid at you. The splash of acid hits you. You resist.
* * * LOW HITPOINT WARNING * * *
You are splashed with acid.
You resist.
You die...

..............#...#....
,*
.............#########.
* * ....^.........#* ,
#=## , ,
..§....☼.§°§§## , #. *
, ,,..§.....§§☼§J°#*, ,
* * , ,
..§.....§§§J☼☼## , ,
.........§§JJJ.###, *
,,..........JJJJJJ.##
*,, *
,............JJ@...# *
##..........JJ........
* ,
#.....................,
*......................
,,,
*##....................
, ,
.................... ,,
*####................
###..<...........,,
##.......... , ,


You could see the Royal Jelly, 6 acid blobs, 2 azure jellies and 6 death oozes.

Vanquished Creatures
  Rupert (Lair:5)
  5 acid blobs
  A kraken (Shoals:2)
  Frances (Snake:1)
  3 azure jellies
  A frost giant (Shoals:4)
  6 nagarajas (Snake:4)
  An orc warlord (Bailey)
  2 entropy weavers (Lair:4)
  3 merfolk javelineers
  4 merfolk impalers
  A fire dragon (Lair:6)
  2 hydras
  4 great orbs of eyes
  3 naga warriors (Snake:4)
  4 merfolk avatars
  A catoblepas (Lair:6)
  A satyr (Shoals:2)
  A merfolk aquamancer (Shoals:4)
  9 anacondas
  5 death yaks (Lair:2)
  A queen ant (Lair:4)
  2 shock serpents (Snake:4)
  A titan zombie (D:15)
  A vampire mage (D:15)
  3 naga sharpshooters (Snake:4)
  3 salamander mystics (Snake:4)
  A skeletal warrior (D:15)
  7 sea snakes
  A kraken simulacrum (Shoals:4)
  A swamp dragon (Lair:6)
  3 naga ritualists
  A necromancer (D:15)
  2 orc knights (Bailey)
  Pikel (D:7)
  A fire giant zombie (D:15)
  6 fauns
  A mana viper (Snake:4)
  2 cyclopes
  A shining eye (Slime:4)
  4 manticores
  8 salamanders
  14 black mambas
  A spriggan zombie (D:15)
  Joseph (Lair:1)
  14 guardian serpents (Snake:4)
  A centaur zombie (D:10)
  6 merfolk sirens
  9 naga magi
  2 water nymphs
  9 spiny frogs
  3 rime drakes
  An efreet (D:10)
  9 komodo dragons
  A guardian mummy (D:15)
  18 merfolk
  Grinder (D:4)
  A hornet (D:11)
  18 slime creatures
  A polar bear (Lair:3)
  4 snapping turtles
  4 wind drakes
  A deep troll zombie (D:15)
  7 hippogriffs
  3 blink frogs (Lair:3)
  A spriggan (D:7)
  5 water elementals
  28 yaks
  5 basilisks
  A wraith (D:11)
  5 wyverns
  Grum (D:11)
  A hungry ghost (D:11)
  3 wargs
  Menkaure (D:6)
  5 soldier ants (Lair:4)
  A hell hound (Lair:6)
  26 nagas
  2 acid dragons (Lair:6)
  10 water moccasins
  Duvessa (D:7)
  2 porcupines
  2 ice beasts (D:8)
  A sky beast (D:12)
  4 swamp drakes (Lair:6)
  A slave (D:7)
  4 orc warriors
  2 eyes of draining
  4 black bears
  3 phantoms
  2 necrophages
  7 ogres
  5 wolves
  6 centaurs
  11 crocodiles
  Blork the orc (D:5)
  8 bullfrogs
  A wyvern skeleton (D:10)
  A water moccasin zombie (D:6)
  A scorpion (D:10)
  A water moccasin skeleton (D:5)
  Dowan (D:7)
  9 killer bees
  6 howler monkeys
  7 wights
  4 crimson imps
  3 hounds
  A jelly (D:5)
  5 centaur skeletons
  8 orc priests
  9 orc wizards
  2 bullfrog skeletons (D:10)
  2 iguanas
  17 worker ants
  A killer bee zombie (D:5)
  A hound zombie (D:5)
  A hound skeleton (D:11)
  A howler monkey zombie (D:10)
  2 worker ant zombies (D:5)
  7 adders
  11 gnolls
  A shadow imp (D:10)
  An adder zombie (D:9)
  2 adder skeletons (D:4)
  A worm (D:4)
  2 dart slugs
  2 leopard geckos
  25 orcs
  3 giant cockroaches
  8 goblins
  5 hobgoblins
  10 jackals
  10 kobolds
  A quokka (D:5)
  2 ball pythons
  2 bats
  2 frilled lizards
  A jackal skeleton (D:5)
  A rat (D:1)
  2 fungi (Lair:4)
  7 plants
  5 tentacles
  A withered plant (D:15)
594 creatures vanquished.

Vanquished Creatures (collateral kills)
  An acid blob (Slime:5)
  3 nagarajas (Snake:4)
  3 merfolk javelineers (Shoals:4)
  A death ooze (Slime:5)
  4 merfolk impalers (Shoals:4)
  A naga warrior (Snake:4)
  3 hydras
  An anaconda (Snake:4)
  2 merfolk aquamancers (Shoals:4)
  A naga sharpshooter (Snake:4)
  A sea snake (Shoals:4)
  2 naga ritualists (Snake:4)
  A manticore (Shoals:4)
  A black mamba (Snake:4)
  2 water nymphs (Shoals:4)
  A guardian serpent (Snake:4)
  2 naga magi (Snake:4)
  A komodo dragon (Lair:6)
  A water elemental (Shoals:4)
  5 nagas (Snake:4)
  A water moccasin (Lair:6)
  A goblin (Bailey)
  3 fungi (Lair:6)
42 creatures vanquished.

Vanquished Creatures (others)
  A merfolk aquamancer (Shoals:4)
  A naga (Snake:4)
  An iguana (Lair:6)
  An orc (D:8)
  7 fungi
  7 plants
  5 tentacles
23 creatures vanquished.

Grand Total: 659 creatures vanquished

Notes
Turn   | Place    | Note
-------+----------+-------------------------------------------
     0 | D:1      | Flugslaktarn the Deep Dwarf Fighter began the quest for the
                  | Orb.
     0 | D:1      | Reached XP level 1. HP: 20/20 MP: 1/1
    54 | D:1      | Reached XP level 2. HP: 25/27 MP: 2/2
   235 | D:2      | Reached skill level 3 in Axes
   253 | D:2      | Reached XP level 3. HP: 33/33 MP: 2/2
   483 | D:4      | Reached XP level 4. HP: 31/42 MP: 3/3
   490 | D:4      | Reached skill level 4 in Axes
   490 | D:4      | Reached XP level 5. HP: 28/49 MP: 4/4
   623 | D:4      | Found a staircase to the Ecumenical Temple.
   636 | Temple   | Entered the Ecumenical Temple
   743 | Temple   | Became a worshipper of Makhleb the Destroyer
   806 | D:4      | Noticed Grinder
   810 | D:4      | Paralysed by Grinder for 4 turns
   820 | D:4      | Paralysed by Grinder for 2 turns
   846 | D:4      | Paralysed by Grinder for 6 turns
   860 | D:4      | Killed Grinder
   860 | D:4      | Reached skill level 5 in Axes
   860 | D:4      | Reached skill level 1 in Invocations
   860 | D:4      | Reached XP level 6. HP: 45/57 MP: 1/3
  1242 | D:5      | Entered Level 5 of the Dungeon
  1271 | D:5      | Reached XP level 7. HP: 29/64 MP: 3/3
  1387 | D:5      | Reached skill level 5 in Armour
  1393 | D:5      | Reached skill level 5 in Shields
  1396 | D:5      | Reached skill level 6 in Axes
  1595 | D:5      | Got a pair of jewelled boots
  1604 | D:5      | Identified the +1 pair of boots of Laphimn {rPois rCorr}
                  | (You found it on level 5 of the Dungeon)
  1645 | D:5      | Noticed Blork the orc
  1654 | D:5      | Killed Blork the orc
  1702 | D:5      | Reached XP level 8. HP: 48/73 MP: 5/5
  1721 | D:5      | Reached * piety under Makhleb
  1853 | D:6      | Reached skill level 7 in Axes
  1940 | D:6      | Noticed Menkaure
  1946 | D:6      | Killed Menkaure
  2331 | D:6      | Reached skill level 5 in Fighting
  2456 | D:7      | Noticed Duvessa
  2458 | D:7      | Noticed Dowan
  2465 | D:7      | Reached skill level 5 in Invocations
  2472 | D:7      | Killed Dowan
  2480 | D:7      | Killed Duvessa
  2483 | D:7      | Gained mutation: You passively map the area around you.
                  | [Deep Dwarf growth]
  2483 | D:7      | Reached XP level 9. HP: 41/81 MP: 7/7
  2636 | D:7      | Reached skill level 8 in Axes
  2678 | D:7      | Noticed Pikel
  2703 | D:7      | Killed Pikel
  2727 | D:7      | Found a runed translucent door.
  2728 | D:7      | Noticed Crazy Yiuf
  3074 | D:8      | Reached skill level 9 in Axes
  3169 | D:8      | Found Otiytesch's Food Boutique.
  3251 | D:8      | Reached ** piety under Makhleb
  3482 | D:8      | Reached XP level 10. HP: 91/91 MP: 9/9
  3672 | D:8      | Found an iron altar of Okawaru.
  4353 | D:9      | Got an ancient war axe
  4354 | D:9      | Identified the +8 war axe of the Doomed Warrior {antimagic,
                  | Int-2 Dex+10} (You found it on level 9 of the Dungeon)
  4738 | D:10     | Entered Level 10 of the Dungeon
  4839 | D:10     | Reached skill level 1 in Dodging
  4847 | D:10     | Reached skill level 10 in Axes
  4862 | D:10     | Noticed a manticore
  4872 | D:10     | Killed a manticore
  4922 | D:10     | Reached *** piety under Makhleb
  5015 | D:10     | Reached skill level 11 in Axes
  5078 | D:10     | Found a staircase to the Orcish Mines.
  5081 | D:10     | Reached skill level 5 in Dodging
  5187 | D:10     | Found a staircase to the Lair.
  5549 | D:11     | Found a flagged portal.
  5554 | Bailey   | Entered a bailey
  5559 | Bailey   | Noticed an orc warlord
  5616 | Bailey   | Noticed an orc knight
  5648 | Bailey   | Killed an orc knight
  5657 | Bailey   | Found a runed translucent gate.
  5657 | Bailey   | Found a runed translucent gate.
  5657 | Bailey   | Found a runed translucent gate.
  5678 | Bailey   | Noticed an orc knight
  5684 | Bailey   | Reached XP level 11. HP: 90/97 MP: 3/10
  5731 | Bailey   | Killed an orc knight
  5733 | Bailey   | Killed an orc warlord
  5733 | Bailey   | Reached skill level 12 in Axes
  5773 | Bailey   | Reached skill level 15 in Axes
  5773 | Bailey   | Reached XP level 12. HP: 92/105 MP: 3/10
  5781 | Bailey   | Reached skill level 16 in Axes
  5781 | Bailey   | Reached XP level 13. HP: 97/111 MP: 3/11
  5908 | D:11     | Reached **** piety under Makhleb
  5971 | D:11     | Reached skill level 17 in Axes
  5972 | D:11     | Noticed Grum
  5984 | D:11     | Killed Grum
  6469 | Lair:1   | Entered Level 1 of the Lair of Beasts
  6588 | Lair:1   | Got a pitted chain mail
  6599 | Lair:1   | Identified the cursed +1 chain mail of the Lost Path {-Tele
                  | Str+3 Dex+6} (You found it on level 1 of the Lair of
                  | Beasts)
  6631 | Lair:1   | Noticed Joseph
  6647 | Lair:1   | Killed Joseph
  7554 | Lair:2   | Found a staircase to the Shoals.
  8210 | Lair:3   | Found a runed translucent gate.
  8210 | Lair:3   | Found a runed translucent gate.
  8210 | Lair:3   | Found a runed translucent gate.
  8265 | Lair:3   | Reached ***** piety under Makhleb
  8699 | Lair:3   | Noticed Zanta616's ghost (journeyman TrHu)
  8848 | Lair:4   | Found a staircase to the Snake Pit.
  8868 | Lair:4   | Gained mutation: You resist negative energy. (rN+) [Deep
                  | Dwarf growth]
  8868 | Lair:4   | Reached XP level 14. HP: 95/123 MP: 4/13
  9016 | Lair:4   | Reached skill level 18 in Axes
  9108 | Lair:4   | Found an ancient bone altar of Kikubaaqudgha.
  9190 | Lair:4   | Noticed an entropy weaver
  9191 | Lair:4   | Noticed an entropy weaver
  9203 | Lair:4   | Killed an entropy weaver
  9217 | Lair:4   | Killed an entropy weaver
  9233 | Lair:4   | Reached skill level 10 in Invocations
  9911 | Lair:5   | Found a stormy altar of Qazlal.
  9917 | Lair:5   | Noticed Rupert
  9945 | Lair:5   | Killed Rupert
 10112 | Lair:6   | Entered Level 6 of the Lair of Beasts
 10198 | Lair:6   | Reached skill level 10 in Armour
 10200 | Lair:6   | Reached skill level 10 in Shields
 10621 | Lair:6   | Found a staircase to the Slime Pits.
 10905 | Lair:6   | Found a sparkling altar of Nemelex Xobeh.
 11222 | D:14     | Found a white marble altar of Elyvilon.
 11351 | D:15     | Entered Level 15 of the Dungeon
 11351 | D:15     | Found a staircase to the Depths.
 11578 | Snake:1  | Entered Level 1 of the Snake Pit
 11621 | Snake:1  | Noticed Frances
 11635 | Snake:1  | Killed Frances
 11667 | Snake:1  | Reached XP level 15. HP: 111/135 MP: 4/13
 11794 | Snake:4  | Entered Level 4 of the Snake Pit
 11795 | Snake:4  | Found a basalt altar of Yredelemnul.
 12083 | Snake:4  | Noticed a nagaraja
 12098 | Snake:4  | Killed a nagaraja
 12167 | Snake:4  | Reached ****** piety under Makhleb
 12179 | Snake:4  | Noticed a nagaraja
 12182 | Snake:4  | Reached skill level 10 in Fighting
 12187 | Snake:4  | Noticed a nagaraja
 12192 | Snake:4  | Killed a nagaraja
 12195 | Snake:4  | Killed a nagaraja
 12210 | Snake:4  | Noticed a nagaraja
 12214 | Snake:4  | Noticed a nagaraja
 12223 | Snake:4  | Killed a nagaraja
 12240 | Snake:4  | Killed a nagaraja
 12242 | Snake:4  | Noticed a nagaraja
 12252 | Snake:4  | Killed a nagaraja
 12254 | Snake:4  | Noticed a nagaraja
 12255 | Snake:4  | Noticed a nagaraja
 12268 | Snake:4  | Killed a nagaraja
 12270 | Snake:4  | Reached XP level 16. HP: 144/147 MP: 5/16
 12351 | Snake:4  | Got a serpentine rune of Zot
 12541 | Shoals:1 | Entered Level 1 of the Shoals
 12649 | Shoals:1 | Found Noaz's Distillery.
 12703 | Shoals:1 | Bought a potion of heal wounds for 65 gold pieces
 12703 | Shoals:1 | Bought a potion of heal wounds for 65 gold pieces
 12703 | Shoals:1 | Bought a potion of cancellation for 104 gold pieces
 12703 | Shoals:1 | Bought a potion of might for 52 gold pieces
 12863 | Shoals:2 | Noticed a kraken
 12873 | Shoals:2 | Killed a kraken
 13040 | Shoals:3 | Found a frozen archway.
 13191 | Shoals:4 | Entered Level 4 of the Shoals
 13191 | Shoals:4 | Found Foseih's Antique Weapon Emporium.
 13414 | Shoals:4 | Found Pato's Assorted Antiques.
 13439 | Shoals:4 | Found Duanun's Food Boutique.
 13542 | Shoals:4 | Got a shimmering chain mail
 13553 | Shoals:4 | Identified the +3 chain mail "Yrunten" {MR+} (You found it
                  | on level 4 of the Shoals)
 13687 | Shoals:4 | Found Ericet's Assorted Antiques.
 13725 | Shoals:4 | Bought a scroll of enchant weapon for 345 gold pieces
 13786 | Shoals:4 | Got a barnacled rune of Zot
 13874 | Shoals:2 | Reached skill level 10 in Dodging
 14033 | Slime:1  | Entered Level 1 of the Pits of Slime
 14033 | Slime:1  | Noticed an acid blob
 14037 | Slime:1  | Noticed an acid blob
 14039 | Slime:1  | Killed an acid blob
 14054 | Slime:1  | Killed an acid blob
 14069 | Slime:2  | Noticed an acid blob
 14086 | Slime:2  | Killed an acid blob
 14086 | Slime:2  | Reached XP level 17. HP: 127/157 MP: 4/12
 14140 | Slime:3  | Reached skill level 15 in Invocations
 14164 | Slime:4  | Gained mutation: Scrolls take you a little longer to read.
                  | [a shining eye]
 14167 | Slime:4  | Gained mutation: Your body sometimes deteriorates upon
                  | taking damage. [a shining eye]
 14172 | Slime:4  | Gained mutation: Your magical capacity is low. (-10% MP) [a
                  | shining eye]
 14196 | Slime:4  | Noticed an acid blob
 14198 | Slime:5  | Entered Level 5 of the Pits of Slime
 14212 | Slime:5  | Noticed an acid blob
 14219 | Slime:5  | Killed an acid blob
 14220 | Slime:5  | Noticed the Royal Jelly
 14222 | Slime:5  | Found the +9 staff of Olgreb {rPois∞}
 14230 | Slime:5  | Noticed an acid blob
 14230 | Slime:5  | Noticed an acid blob
 14232 | Slime:5  | Killed an acid blob
 14233 | Slime:5  | Noticed an acid blob
 14244 | Slime:5  | Noticed an acid blob
 14245 | Slime:5  | Noticed an acid blob
 14245 | Slime:5  | Noticed an acid blob
 14253 | Slime:5  | Killed an acid blob
 14259 | Slime:5  | Noticed an acid blob
 14261 | Slime:5  | Noticed an acid blob
 14266 | Slime:5  | HP: 5/238 [death ooze[the Royal Jelly] (9)]
 14267 | Slime:5  | HP: 2/238 [acid blob/splash of acid[the Royal Jelly] (2)]
 14267 | Slime:5  | Splashed by an acid blob's acid

Illustrated notes

Levels and vault maps discovered:
D:1:      mrwooster_arrival_statue_3, layout_basic
D:2:      layout_basic, item_on_display_a, uniq_jessica
D:3:      layout_basic, first_ration, uniq_natasha, uniq_purgy
D:4:      layout_basic, minmay_temple_entry_mini_moons, minmay_bisected,
          uniq_grinder
D:5:      layout_gridville, uniq_blork_the_orc
D:6:      layout_gridville, uniq_menkaure
D:7:      layout_rooms, serial_glass, glass_columns_c, glass_columns_a,
          the_bakery, hex_intersection, nrook_mini_backslash,
          uniq_crazy_yiuf_cottage, uniq_duvessa, uniq_pikel
D:8:      layout_layer_cave, kennysheep_mini, serial_shops, nicolae_shop_trees,
          kennysheep_crisscross, minmay_holes
D:9:      layout_long_grid
D:10:     layout_basic, dpeg_oklobed_lair, minmay_orc_entry_guard_dogs,
          minivault_28
D:11:     layout_roguey, enter_bailey_3, uniq_grum
D:12:     layout_loops_ring
D:13:     layout_layer_cave, david_vaults_1, gammafunk_ghost_crypt, door_vault
D:14:     minmay_general_purpose_star, layout_long_grid, elyvilon_altar_4,
          uniq_agnes
D:15:     gammafunk_depths_entry_grave, layout_small_grid, serial_bayou,
          serial_bayou_ford_a, serial_bayou_lake_a, serial_bayou_crossing,
          serial_bayou_pond_c, serial_shops, nicolae_shop_waterfront,
          nicolae_dithmenos_shadow_blocks, tgw_sif
Temple:   kilobyte_greek_temple
Lair:1:   layout_roguey, lemuel_fruit_tree, uniq_joseph
Lair:2:   layout_regular_city, elwin_shoals_entry_stream
Lair:3:   layout_regular_city, gammafunk_ghost_icy, wad_woods_road_02
Lair:4:   layout_loops_ring, guppyfry_snake_entry_garden, basic_altar,
          wad_woods_antlair, grunt_megastairs_3
Lair:5:   layout_misc_corridors, basic_altar, uniq_rupert
Lair:6:   hangedman_lair_caniforms_friends, layout_small_grid,
          guppyfry_lair_end_dragon, slime_dummy, lemuel_centaur_altar
Shoals:1: layout_shoals, serial_shops, nicolae_shop_window_shopping, uniq_donald
Shoals:2: nzn_motion_control, layout_shoals, ebering_ghost_inner_flame,
          nicolae_shoals_flooded_hall
Shoals:3: layout_shoals, portal_ice_cave_entry_pillars_four, uniq_jorgrun
Shoals:4: shoals_end_grunt_ice, layout_shoals, serial_shops, shop, shop,
          nicolae_shop_waterfront, shop_fountains, shop
Snake:1:  layout_gridlike, st_stairs_8, nrook_guardian_serpent_double,
          grunt_megastairs_1, uniq_azrael, uniq_aizul, uniq_frances
Snake:2:  layout_onion
Snake:3:  layout_basic, serial_shops, shop, basic_altar
Snake:4:  grunt_snake_rune_serpentine_throne, layout_cave_town, basic_altar
Slime:1:  layout_caves
Slime:2:  layout_caves
Slime:3:  layout_caves, cheibrodos_slime_lost_civilization_7
Slime:4:  layout_caves
Slime:5

Skill      XL: |  1  2  3  4  5  6  7  8  9 10 11 12 13 14 15 16 17 |
---------------+----------------------------------------------------+-----
Axes           | 3 4 5 6 7 9 11 15 16 17 18 | 18.0
Fighting       | 3 4 5 6 7 9 10 11 | 11.7
Armour         | 4 5 6 7 9 11 12 13 | 13.6
Shields        | 4 5 6 7 8 11 12 13 | 13.7
Invocations    | 1 2 3 5 6 7 9 11 13 14 15 | 15.0
Dodging        | 6 8 10 | 10.5

Action                   |  1- 3 |  4- 6 |  7- 9 | 10-12 | 13-15 | 16-18 || total
-------------------------+-------+-------+-------+-------+-------+-------++-------
Melee: War axe           |    73 |    82 |   360 |   255 |  1055 |   601 ||  2426
Throw: Throwing net      |       |       |       |       |       |     1 ||     1
Invok: Lesser Servant of |       |       |       |     1 |     9 |     4 ||    14
       Greater Servant o |       |       |       |       |     3 |     6 ||     9
 Abil: Heal Wounds       |     3 |     9 |    14 |     5 |    17 |    29 ||    77
Evoke: Wand              |       |       |       |       |       |     2 ||     2
  Use: Scroll            |       |       |       |    11 |    21 |     3 ||    35
       Potion            |       |       |       |     3 |       |     3 ||     6
 Stab: Distracted        |       |       |       |       |     3 |     7 ||    10
       Confused          |       |       |       |       |     1 |       ||     1
  Eat: Chunk             |       |     2 |     7 |     8 |    20 |     5 ||    42
       Ration            |       |       |       |       |     1 |     1 ||     2
Armor: Scale mail        |    51 |    26 |   163 |    18 |       |       ||   258
       Plate armour      |       |       |       |   133 |    41 |       ||   174
       Chain mail        |       |       |       |       |   558 |   228 ||   786
Dodge: Dodged            |    30 |    13 |   104 |    85 |   526 |   286 ||  1044
Block: Kite shield       |    19 |       |   156 |   209 |   787 |   385 ||  1556
       Tower shield      |    30 |    68 |    92 |       |       |       ||   190

Table legend:
 A = Non-vault XP
 B = Vault XP
 C = Vault XP percentage of total XP
 D = Non-vault monster count
 E = Vault monster count
 F = Vault count percentage of total count
                 A         B        C        D         E       F
            +---------+---------+-------+---------+---------+-------
      Total |  102909 |   96367 |  48.4 |     397 |     218 |  35.4
            +---------+---------+-------+---------+---------+-------
        D:1 |      19 |       0 |   0.0 |      11 |       0 |   0.0
        D:2 |      22 |       0 |   0.0 |       6 |       0 |   0.0
        D:4 |     235 |     418 |  64.0 |      15 |       4 |  21.1
        D:5 |     807 |      91 |  10.1 |      20 |       1 |   4.8
        D:6 |     616 |     169 |  21.5 |      17 |       1 |   5.6
        D:7 |     271 |    1039 |  79.3 |       4 |       4 |  50.0
        D:8 |    2127 |       0 |   0.0 |      36 |       0 |   0.0
        D:9 |     715 |       0 |   0.0 |      13 |       0 |   0.0
       D:10 |     855 |    2257 |  72.5 |      14 |      14 |  50.0
       D:11 |    3747 |     547 |  12.7 |      44 |       8 |  15.4
       D:12 |     136 |       0 |   0.0 |       1 |       0 |   0.0
       D:13 |     193 |       0 |   0.0 |       1 |       0 |   0.0
       D:14 |     701 |       0 |   0.0 |       3 |       0 |   0.0
       D:15 |    1204 |    4708 |  79.6 |       2 |       8 |  80.0
     Lair:1 |    3142 |     471 |  13.0 |      13 |       1 |   7.1
     Lair:2 |    5812 |    1544 |  21.0 |      11 |       4 |  26.7
     Lair:3 |    4625 |     580 |  11.1 |      20 |       2 |   9.1
     Lair:4 |    4031 |    5394 |  57.2 |      16 |      18 |  52.9
     Lair:5 |    2184 |    2755 |  55.8 |       6 |       1 |  14.3
     Lair:6 |    8138 |    5116 |  38.6 |      24 |      22 |  47.8
   Shoals:1 |    5704 |       0 |   0.0 |      12 |       0 |   0.0
   Shoals:2 |    8506 |    3274 |  27.8 |      14 |       8 |  36.4
   Shoals:3 |    3705 |       0 |   0.0 |       9 |       0 |   0.0
   Shoals:4 |    6321 |   17121 |  73.0 |      12 |      30 |  71.4
    Snake:1 |     889 |    4605 |  83.8 |       1 |       6 |  85.7
    Snake:2 |    2172 |       0 |   0.0 |       7 |       0 |   0.0
    Snake:3 |    1415 |       0 |   0.0 |       3 |       0 |   0.0
    Snake:4 |   13526 |   40556 |  75.0 |      33 |      64 |  66.0
    Slime:1 |    7388 |       0 |   0.0 |      11 |       0 |   0.0
    Slime:2 |    4315 |       0 |   0.0 |       5 |       0 |   0.0
    Slime:3 |    6845 |       0 |   0.0 |      11 |       0 |   0.0
    Slime:4 |    2543 |       0 |   0.0 |       2 |       0 |   0.0
    Slime:5 |       0 |    2544 | 100.0 |       0 |       1 | 100.0
     Bailey |       0 |    3178 | 100.0 |       0 |      21 | 100.0
            +---------+---------+-------+---------+---------+-------
